 Dungeon Crawl Stone Soup version 0.26.1-11-gd32895ea62 (webtiles) character file.

Game seed: 4762668749084528402

32918 raph the Earth Mage (level 13, 0/80 HPs)
             Began as a Gargoyle Earth Elementalist on June 10, 2021.
             Was a High Priest of Vehumet.
             Killed from afar by Jorgrun (52 damage)
             ... with an iron shot
             ... on level 12 of the Dungeon.
             The game lasted 00:38:31 (21418 turns).

raph the Earth Mage (Gargoyle Earth Elementalist)  Turns: 21418, Time: 00:38:32

Health: 0/80       AC: 24    Str: 13    XL:     13   Next: 67%
Magic:  22/30      EV: 12    Int: 20    God:    Vehumet [*****.]
Gold:   1293       SH:  0    Dex: 10    Spells: 2/23 levels left

rFire    . . .     SeeInvis .   L - +5 scythe "Finisher" {speed, eviscerate}
rCold    . . .     Faith    +   (shield currently unavailable)
rNeg     + . .     Spirit   .   k - +2 robe {Archmagi}
rPois    ∞         Reflect  .   s - +1 helmet
rElec    +         Harm     .   u - +1 cloak {rPois}
rCorr    .         Rampage  .   G - +0 pair of gloves
Will     .....                  Y - +1 pair of boots {Fly}
Stlth    ++++......             U - amulet of faith
HPRegen  0.23/turn              r - +4 ring of protection
MPRegen  0.22/turn              q - ring of magical power

@: brilliant, grasped by roots, flying, hasted, constricted, very quick
A: negative energy resistance 1, electricity resistance, unbreathing,
petrification resistance, miasma immunity, AC +9
a: Stop Flying, Renounce Religion


You were on level 12 of the Dungeon.
You worshipped Vehumet.
Vehumet was extremely pleased with you.
You visited 3 branches of the dungeon, and saw 19 of its levels.

You collected 1832 gold pieces.
You spent 539 gold pieces at shops.

Inventory:

Hand Weapons
 a - a +0 vorpal morningstar
 e - a +0 vampiric dagger
 h - a +0 whip
 o - a +5 dagger of venom
 p - a +2 dagger of venom
 I - a +3 morningstar
 L - the +5 scythe "Finisher" (weapon) {speed, eviscerate}
   (You found it on level 7 of the Dungeon)

   Attacks with this weapon are significantly faster.
Missiles
 b - 505 stones
Armour
 k - a +2 robe of the Archmagi (worn)
 s - a +1 helmet (worn)
 u - a +1 cloak of poison resistance (worn)
 v - a +1 pair of boots
 G - a +0 pair of gloves (worn)
 Y - a +1 pair of boots of flying (worn)
Jewellery
 f - an uncursed amulet of the acrobat
 l - an uncursed ring of see invisible
 q - a ring of magical power (right hand)
 r - a +4 ring of protection (left hand)
 t - an uncursed ring of flight
 U - an amulet of faith (around neck)
 W - an uncursed ring of protection from cold
Wands
 i - a wand of polymorph (16)
 C - a wand of acid (17)
 E - a wand of enslavement (16)
 F - a wand of iceblast (5)
 J - a wand of digging (3)
 Q - a wand of random effects (21)
Scrolls
 d - 5 scrolls of fear
 m - 3 scrolls of immolation
 z - 7 scrolls of teleportation
 B - 5 scrolls of magic mapping
 K - a scroll of amnesia
 M - 2 scrolls of fog
 P - 6 scrolls of remove curse
 S - a scroll of blinking
 V - 3 scrolls of identify
Potions
 c - 3 potions of haste
 g - 6 potions of curing
 j - 5 potions of heal wounds
 n - 3 potions of mutation
 w - 2 potions of flight
 x - 4 potions of might
 y - a potion of ambrosia
 A - 5 potions of magic
 H - a potion of cancellation
 N - a potion of lignification
 T - a potion of attraction
 X - a potion of resistance
 Z - a potion of berserk rage
Miscellaneous
 O - a phantom mirror


   Skills:
 + Level 8.9 Fighting
 - Level 3.8 Maces & Flails
 * Level 5.3 Polearms
 + Level 7.1 Dodging
 - Level 9.6 Stealth
 - Level 5.5 Spellcasting
 + Level 8.1 Conjurations
 + Level 5.2 Hexes
 - Level 0.7 Transmutations
 + Level 15.2 Earth Magic


You had 2 spell levels left.
You knew the following spells:

 Your Spells              Type           Power        Failure   Level
a - Sandblast             Erth           100%         0%          1
b - Passwall              Tmut/Erth      59%          1%          2
c - Stone Arrow           Conj/Erth      100%         1%          3
d - Lee's Rapid Deconstr  Erth           49%          1%          5
e - Inner Flame           Hex/Fire       36%          3%          3
f - Dazzling Flash        Conj/Hex       100%         1%          3
g - Iskenderun's Mystic   Conj/Tloc      49%          5%          4

Your spell library contained the following spells:

 Spells                   Type           Power        Failure   Level
 Spellforged Servitor     Conj/Summ      24%          98%         7
 Corona                   Hex            62%          1%          1
 Ensorcelled Hibernation  Hex/Ice        72%          5%          2
 Confusing Touch          Hex            56%          3%          3
 Tukima's Dance           Hex            56%          3%          3
 Petrify                  Tmut/Erth      71%          4%          4
 Yara's Violent Unravell  Hex/Tmut       19%          22%         5
 Gell's Gravitas          Tloc           6%           32%         3
 Metabolic Englaciation   Hex/Ice        18%          71%         5


Dungeon Overview and Level Annotations

Branches:
Dungeon (12/15)            Temple (1/1) D:7            Lair (6/6) D:8
 Shoals (0/4) Lair:2       Spider (0/4) Lair:2        Slime (0/5) Lair:6
    Orc (0/2) D:11

Altars:
Ashenzari
Cheibriados
Dithmenos
Elyvilon
Fedhas
Gozag
Hepliaklqana
Kikubaaqudgha
Makhleb
Nemelex Xobeh
Okawaru
Qazlal
Ru
Sif Muna
Trog
Uskayaw
Vehumet
Wu Jian
Xom
Yredelemnul
Zin
The Shining One
Jiyva

Shops:
D:4 (   D:7 ([==   D:10 !

Annotations:
D:12 Jorgrun


Innate Abilities, Weirdness & Mutations

You are resistant to torment.
Your stone body is resilient. (AC +9)
You are immune to poison.
You resist negative energy. (rN+)
You are resistant to electric shocks. (rElec)
You can survive without breathing.
You are immune to petrification.
You are immune to miasma.


Message History

Confirm with . or Enter, or press ? or * to list all spells.
Aiming: Lee's Rapid Deconstruction (safe; 1% risk of failure)
Press: ? - help, Dir - move target A rock wall.
You feel a strong surge of power!
The wall shatters!
The blast of rock fragments hits Jorgrun!!
Jorgrun is severely wounded.
Unknown command.
Casting: Lee's Rapid Deconstruction (safe; 1% risk of failure)
Confirm with . or Enter, or press ? or * to list all spells.
Aiming: Lee's Rapid Deconstruction (safe; 1% risk of failure)
Press: ? - help, Dir - move target A rock wall.
You feel a strong surge of power!
The wall shatters!
The blast of rock fragments hits Jorgrun!!
Jorgrun is almost dead.
Jorgrun gestures at you while chanting. The iron shot hits you!!!
Ouch! That really hurt!
You die...

#.. ..#
o.## #
##g..
#.....##
#.###.#....
.........#
#@# #O# #..
####


You could see Jorgrun, an orc warrior and an ogre.

Vanquished Creatures
  3 hydras
  2 two-headed ogres (D:11)
  An unseen horror (D:11)
  A manticore (D:11)
  3 elephants (Lair:4)
  A merfolk siren (Lair:2)
  2 black mambas
  12 cane toads
  A rime drake (Lair:4)
  7 komodo dragons
  2 trolls
  A polar bear (Lair:4)
  8 blink frogs
  6 dream sheep (Lair:4)
  2 redbacks (Lair:2)
  3 wraiths (D:7)
  37 yaks
  4 wyverns
  A basilisk (Lair:1)
  11 water moccasins
  4 orc warriors
  4 sky beasts
  2 black bears
  3 ice beasts
  6 ogres
  A necrophage (D:8)
  41 wolves
  6 centaurs
  Blork the orc (D:6)
  A big kobold (D:10)
  10 bullfrogs
  A scorpion (D:8)
  A wyvern skeleton (D:8)
  A water moccasin skeleton (D:11)
  4 electric eels (D:8)
  27 killer bees
  14 wights
  9 howler monkeys
  A bullfrog zombie (D:8)
  9 hounds
  A quasit (D:8)
  3 jellies
  A centaur skeleton (D:4)
  3 orc priests
  Crazy Yiuf (D:3)
  Natasha (twice) (D:3)
  2 iguanas
  4 orc wizards
  7 worker ants
  A killer bee zombie (D:8)
  2 worker ant zombies
  A howler monkey skeleton (D:4)
  15 adders
  2 shadow imps (D:3)
  13 white imps
  An ooze (D:6)
  2 adder skeletons (D:4)
  A worm (D:2)
  3 dart slugs
  9 leopard geckos
  32 orcs
  A ball python (D:4)
  5 giant cockroaches
  13 goblins
  8 hobgoblins
  10 jackals
  5 quokkas
  9 bats
  6 frilled lizards
  A jackal skeleton (D:6)
  14 kobolds
  A quokka zombie (D:5)
  8 rats
441 creatures vanquished.

Vanquished Creatures (others)
  An orc wizard (D:9)
  A white imp (D:8)
  36 fungi
  36 plants
74 creatures vanquished.

Grand Total: 515 creatures vanquished

Notes
Turn   | Place    | Note
-------+----------+-------------------------------------------
     0 | D:1      | raph the Gargoyle Earth Elementalist began the quest for
                  | the Orb.
     0 | D:1      | Reached XP level 1. HP: 10/10 MP: 3/3
   223 | D:1      | Reached skill level 4 in Earth Magic
   225 | D:1      | Reached XP level 2. HP: 15/15 MP: 0/5
   297 | D:1      | Learned a level 2 spell: Passwall
   761 | D:1      | Reached XP level 3. HP: 17/19 MP: 3/6
   765 | D:1      | Learned a level 3 spell: Stone Arrow
   823 | D:1      | Reached skill level 5 in Earth Magic
  1609 | D:2      | Reached XP level 4. HP: 24/24 MP: 3/7
  1662 | D:2      | Reached skill level 6 in Earth Magic
  2489 | D:3      | Noticed Natasha
  2498 | D:3      | Reached XP level 5. HP: 23/28 MP: 8/8
  2508 | D:3      | Killed Natasha
  2509 | D:3      | Reached skill level 7 in Earth Magic
  2900 | D:3      | Found a blossoming altar of Fedhas.
  3000 | D:3      | Found a runed translucent door.
  3001 | D:3      | Noticed Crazy Yiuf
  3006 | D:3      | Killed Crazy Yiuf
  3058 | D:3      | Noticed Natasha
  3064 | D:3      | Killed Natasha
  3127 | D:3      | Reached XP level 6. HP: 32/32 MP: 9/9
  3513 | D:4      | Reached skill level 8 in Earth Magic
  3629 | D:4      | Found Osmialelet's Weapon Emporium.
  3850 | D:4      | Reached skill level 9 in Earth Magic
  4078 | D:4      | Reached XP level 7. HP: 26/36 MP: 9/10
  4259 | D:5      | Entered Level 5 of the Dungeon
  4458 | D:5      | Found an opulent altar of Gozag.
  5203 | D:6      | Reached skill level 10 in Earth Magic
  5410 | D:6      | Noticed Blork the orc
  5426 | D:6      | Killed Blork the orc
  5464 | D:6      | Reached skill level 11 in Earth Magic
  5464 | D:6      | Reached XP level 8. HP: 38/41 MP: 11/11
  5694 | D:6      | Reached skill level 12 in Earth Magic
  5910 | D:6      | Learned a level 5 spell: Lee's Rapid Deconstruction
  5958 | D:6      | Reached skill level 1 in Fighting
  6364 | D:6      | Reached XP level 9. HP: 27/48 MP: 12/12
  6513 | D:6      | Found an opulent altar of Gozag.
  7128 | D:7      | Found Beku's Jewellery Boutique.
  7227 | D:7      | Found a staircase to the Ecumenical Temple.
  7236 | Temple   | Entered the Ecumenical Temple
  7364 | Temple   | Became a worshipper of Vehumet
  7453 | D:7      | Found Lofiboh's Jewellery Shop.
  7667 | D:7      | Found the +5 scythe "Finisher" {speed, eviscerate}
  7682 | D:7      | Reached skill level 13 in Earth Magic
  7892 | D:7      | Found Qupsad's Weapon Boutique.
  7894 | D:7      | Found Hilitiufigo's Antique Armour Boutique.
  7936 | D:7      | Bought a pair of gloves for 112 gold pieces
  8266 | D:8      | Reached skill level 5 in Stealth
  8266 | D:8      | Reached skill level 1 in Conjurations
  8268 | D:8      | Reached * piety under Vehumet
  8268 | D:8      | Offered knowledge of Shock by Vehumet.
  8480 | D:8      | Reached skill level 1 in Maces & Flails
  8480 | D:8      | Reached XP level 10. HP: 54/56 MP: 16/16
  8894 | D:8      | Offered knowledge of Magic Dart by Vehumet.
  8894 | D:8      | Reached ** piety under Vehumet
  9396 | D:8      | Found a staircase to the Lair.
 10076 | D:9      | Found a blossoming altar of Fedhas.
 10076 | D:9      | Found a snail-covered altar of Cheibriados.
 10097 | D:9      | Found a snail-covered altar of Cheibriados.
 10375 | Lair:1   | Entered Level 1 of the Lair of Beasts
 10402 | Lair:1   | Noticed a black mamba
 10415 | Lair:1   | Killed a black mamba
 10416 | Lair:1   | Reached skill level 5 in Fighting
 10845 | Lair:1   | Noticed a cane toad
 10851 | Lair:1   | Killed a cane toad
 10852 | Lair:1   | Reached skill level 5 in Spellcasting
 10947 | Lair:1   | Noticed a five-headed hydra
 10949 | Lair:1   | Reached XP level 11. HP: 57/64 MP: 18/18
 10955 | Lair:1   | Killed a five-headed hydra
 10955 | Lair:1   | Offered knowledge of Inner Flame by Vehumet.
 11986 | Lair:2   | Learned a level 3 spell: Inner Flame
 11990 | Lair:2   | Learned a level 3 spell: Dazzling Flash
 12046 | Lair:2   | Noticed a four-headed hydra
 12049 | Lair:2   | Killed a four-headed hydra
 12165 | Lair:2   | Reached skill level 5 in Dodging
 12172 | Lair:2   | Reached skill level 1 in Hexes
 12298 | Lair:2   | Reached skill level 5 in Conjurations
 12298 | Lair:2   | Found a hole to the Spider Nest.
 12328 | Lair:2   | Reached skill level 14 in Earth Magic
 12352 | Lair:2   | Reached *** piety under Vehumet
 13195 | Lair:2   | Found a staircase to the Shoals.
 13493 | Lair:3   | Reached XP level 12. HP: 71/71 MP: 20/20
 13823 | Lair:3   | Offered knowledge of Conjure Flame by Vehumet.
 14554 | Lair:3   | Reached **** piety under Vehumet
 14723 | Lair:4   | Reached skill level 1 in Polearms
 15209 | Lair:4   | Offered knowledge of Iskenderun's Mystic Blast by Vehumet.
 15465 | Lair:3   | Learned a level 4 spell: Iskenderun's Mystic Blast
 16348 | Lair:4   | Reached XP level 13. HP: 63/78 MP: 21/21
 17309 | Lair:5   | Reached ***** piety under Vehumet
 17335 | Lair:5   | Offered knowledge of Spellforged Servitor by Vehumet.
 18029 | Lair:6   | Entered Level 6 of the Lair of Beasts
 18029 | Lair:6   | Found a viscous altar of Jiyva.
 18029 | Lair:6   | Found a staircase to the Slime Pits.
 18705 | D:9      | Found a basalt altar of Yredelemnul.
 18839 | D:9      | Reached skill level 15 in Earth Magic
 18934 | D:10     | Entered Level 10 of the Dungeon
 19430 | D:10     | Found Vutid's Distillery.
 19650 | D:10     | Identified a scroll of acquirement
 19650 | D:10     | Acquired 794 gold pieces
 19764 | D:10     | Bought a potion of resistance for 120 gold pieces
 19764 | D:10     | Bought a potion of heal wounds for 60 gold pieces
 19764 | D:10     | Bought a potion of heal wounds for 60 gold pieces
 19861 | D:7      | Bought a pair of embroidered boots for 187 gold pieces
 20032 | D:11     | Found a staircase to the Orcish Mines.
 20199 | D:11     | Reached skill level 5 in Hexes
 20391 | D:11     | Reached skill level 5 in Polearms
 21019 | D:11     | Found a hazy altar of Hepliaklqana.
 21413 | D:12     | Noticed Jorgrun
 21418 | D:12     | Killed from afar by Jorgrun

Illustrated notes

Levels and vault maps discovered:
D:1:      matt_arrival_refuge, layout_loops_ring
D:2:      minmay_general_purpose_star, layout_basic
D:3:      layout_loops_ring, fedhas_altar_3, uniq_crazy_yiuf_cottage,
          uniq_natasha
D:4:      layout_rooms, serial_shops,
          nicolae_shop_temple_entry_statues_fountains
D:5:      corexii_shack_village, layout_loops_cross,
          nicolae_gozag_cash_rules_everything_around_me
D:6:      layout_loops_ring, kennysheep_little_box, nicolae_zen_rock_garden,
          uniq_blork_the_orc
D:7:      layout_loops_cross, minmay_temple_entry_poolview, serial_shops,
          kennysheep_mini, shop, shop, nicolae_shop_waterfront,
          minmay_guarded_unrand_finisher
D:8:      layout_basic, erik_lair_island
D:9:      layout_loops_ring, lemuel_coloured_pillars_altar,
          gammafunk_temple_overflow_elements, cheibriados_altar_1
D:10:     layout_loops_ring, serial_shops, nicolae_shop_waterfront
D:11:     layout_basic, orc_0_dummy, lemuel_statue_altar
D:12:     layout_loops_ring, serial_shops, shop, gauntlet_entry_generic,
          uniq_urug, uniq_josephine, uniq_jorgrun
Temple:   compressed_dpeg_circular_temple
Lair:1:   layout_cave_pods, minmay_holes, chequers_serial_rivers_room_b
Lair:2:   layout_loops_ring, minmay_shoals_entry_lonely_mermaid,
          spider_nest_entry_a
Lair:3:   layout_chaotic_city, portal_ice_cave_entry_imps
Lair:4:   layout_cave_pods
Lair:5:   layout_regular_city, grunt_forest_large_clearings
Lair:6:   wormcave, layout_regular_city, guppyfry_lair_end_dragon,
          slime_altar_1, basic_altar, gammafunk_ghost_split

Skill      XL: |  1  2  3  4  5  6  7  8  9 10 11 12 13 |
---------------+----------------------------------------+-----
Earth Magic    | 4 5 6 7 9 11 12 13 14 15 | 15.2
Fighting       | 1 4 5 6 8 |  8.9
Dodging        | 2 3 4 5 6 7 |  7.1
Stealth        | 3 5 6 8 9 |  9.6
Spellcasting   | 4 5 |  5.5
Conjurations   | 1 3 5 7 8 |  8.1
Maces & Flails | 1 3 |  3.8
Hexes          | 2 4 5 |  5.2
Polearms       | 3 5 |  5.3
Transmutations | |  0.7

Action                   |  1- 3 |  4- 6 |  7- 9 | 10-12 | 13-15 || total
-------------------------+-------+-------+-------+-------+-------++-------
Melee: Unarmed           |     6 |       |       |       |       ||     6
       Whip              |    54 |       |       |       |       ||    54
       Dagger            |       |   128 |   117 |    30 |       ||   275
       Morningstar       |       |       |    11 |    85 |       ||    96
       Scythe            |       |       |       |   351 |   256 ||   607
 Cast: Sandblast         |    34 |    40 |    51 |    10 |    12 ||   147
       Stone Arrow       |       |     5 |     6 |    40 |    14 ||    65
       Passwall          |       |     1 |     1 |     1 |     1 ||     4
       Lee's Rapid Decon |       |       |    17 |    40 |    22 ||    79
  Use: Scroll            |       |    13 |     5 |     7 |     8 ||    33
       Potion            |       |       |     1 |     1 |     2 ||     4
 Stab: Sleeping          |     2 |     3 |     5 |     6 |     6 ||    22
       Distracted        |       |       |       |     1 |     1 ||     2
Armor: Robe              |    37 |    70 |    88 |   314 |   178 ||   687
Dodge: Dodged            |    62 |   119 |   132 |   470 |   299 ||  1082
